 Dungeon Crawl Stone Soup version 0.15.0-14-g6bbbb5c (console) character file.

121 gw the Insei (level 4, -4/37 HPs)
             Began as a Demonspawn Monk on Sept 3, 2014.
             Slain by a worm (5 damage)
             ... on Level 3 of the Dungeon.
             The game lasted 00:01:46 (4502 turns).

gw the Insei (Demonspawn Monk)                      Turns: 4502, Time: 00:01:46

HP  -4/37        AC  9     Str 11      XL: 4   Next: 77%
MP   4/4         EV  7     Int 12      God:
Gold 0           SH  0     Dex 17      Spells:  0 memorised,  3 levels left

rFire  . . .     SeeInvis .       - Unarmed
rCold  . . .     Clarity  .     p - +1 scale mail
rNeg   . . .     rCorr    .     (no shield)
rPois  .         rRot     .     (no helmet)
rElec  .         Spirit   .     (no cloak)
SustAb .         Warding  .     (no gloves)
rMut   .         Stasis   .     (no boots)
Gourm  .                        (no amulet)
MR     .....                    g - +1 ring of dexterity
                                c - cursed ring of loudness

@: not resistant to hostile enchantments, extremely unstealthy
A: thin metallic scales 1
a: no special abilities


You were on level 3 of the Dungeon.
You were very hungry.

You visited 1 branch of the dungeon, and saw 3 of its levels.

Inventory:

Missiles
 e - 172 stones (quivered)
Armour
 p - a +1 scale mail (worn)
Magical devices
 a - a wand of teleportation (0)
Comestibles
 j - a beef jerky
Scrolls
 i - a scroll of identify
Jewellery
 b - a cursed -3 ring of evasion {unknown}
 c - a cursed ring of loudness (left hand)
 g - a +1 ring of dexterity (right hand)
Potions
 n - a potion of cure mutation
 q - a potion of haste


   Skills:
 + Level 3.7 Fighting
 + Level 1.1 Throwing
 + Level 1.9 Armour
 - Level 2.6 Dodging
 - Level 1.7 Stealth
 * Level 4.4 Unarmed Combat


You had 3 spell levels left.
You didn't know any spells.

Dungeon Overview and Level Annotations

Branches:
Dungeon (3/15)

Altars:

Annotations:
D:3 gw's ghost, average DrMo


Innate Abilities, Weirdness & Mutations

You are partially covered in thin metallic scales (AC +2).


Message History

Your scale mail prevents you from hitting the worm.
The jackal bites you but does no damage. x2
The worm barely misses you.
The giant gecko hisses menacingly.
The giant gecko barely misses you. The jackal barely misses you.
FLEEEEING!
ATTACKING (0,-1)
You punch the worm!
The worm is moderately wounded.
The jackal barely misses you. The jackal bites you.
The giant gecko closely misses you.
The jackal bites you but does no damage.
FLEEEEING!
ATTACKING (0,-1)
You hit the worm.
The worm is heavily wounded.
The jackal closely misses you. The jackal barely misses you.
The giant gecko bites you but does no damage.
The worm bites you.
You die...

##.#.....#......
#.......+....#
##.$....#....#
#......#....#
#.>.........#
#########...# .#
####...# .# #
#..%wl.#####.# #
##+##6hg......#
#
#...##h.......#
#
#.............+
#
#...##%.......#
#
#...##........#
#
#...###########
# #...#### #
#..(...# #
###....#


You could see a worm, a giant gecko, 2 jackals and a hobgoblin.

Table legend:
 A = Turns spent in this place as a percentage of turns spent in the entire game.
 B = Non-inter-level travel turns spent in this place as a percentage of non-inter-level travel turns spent in the entire game.
 C = Inter-level travel turns spent in this place as a percentage of turns spent in this place.
 D = Turns resting spent in this place as a percentage of non-inter-level travel turns spent in this place.
 E = Turns spent auto-exploring this place as a percentage of non-inter-level travel turns spent in this place.
 F = Non-inter-level travel turns spent in this place divided by the number of levels of this place that you've seen.
                   A       B       C       D       E      F
               +-------+-------+-------+-------+-------+----------------------
         Total | 100.0 | 100.0 |   1.2 |   7.5 |  12.7 | 306.3
       Dungeon | 100.0 | 100.0 |   1.2 |   7.5 |  12.7 | 306.3
               +-------+-------+-------+-------+-------+----------------------

Table legend:
 A = Kills in this place as a percentage of kills in entire the game.
 B = Kills by you in this place as a percentage of kills by you in the entire game.
 C = Kills by friends in this place as a percentage of kills by friends in the entire game.
 D = Other kills in this place as a percentage of other kills in the entire game.
 E = Experience gained in this place as a percentage of experience gained in the entire game.
 F = Experience gained in this place divided by the number of levels of this place that you have seen.
                   A       B       C       D       E      F
               +-------+-------+-------+-------+-------+----------------------
         Total | 100.0 | 100.0 |  -nan |  -nan | 100.0 |  58.0
       Dungeon | 100.0 | 100.0 |  -nan |  -nan | 100.0 |  58.0
               +-------+-------+-------+-------+-------+----------------------

Vanquished Creatures
  Ijyb (D:2)
  3 adders
  2 worms
  2 giant geckos (D:1)
  An orc (D:3)
  15 goblins
  3 hobgoblins
  10 jackals
  12 kobolds
  A quokka (D:2)
  7 bats
  4 giant newts
  2 rats
63 creatures vanquished.

Notes
Turn   | Place    | Note
--------------------------------------------------------------
     0 | D:1      | gw, the Demonspawn Monk, began the quest for the Orb.
     0 | D:1      | Reached XP level 1. HP: 18/18 MP: 1/1
   401 | D:1      | Gained mutation: You are partially covered in thin metallic scales (AC +2). [demonic ancestry]
   401 | D:1      | Reached XP level 2. HP: 24/24 MP: 2/2
  1130 | D:1      | Reached skill level 4 in Unarmed Combat
  1426 | D:2      | Reached XP level 3. HP: 4/29 MP: 3/3
  2270 | D:2      | Reached skill level 1 in Throwing
  2279 | D:2      | Reached skill level 1 in Armour
  2481 | D:2      | Noticed Ijyb
  2510 | D:2      | Killed Ijyb
  2510 | D:2      | Reached XP level 4. HP: 31/35 MP: 4/4
  3867 | D:3      | Noticed gw's ghost (average DrMo)
  3966 | D:3      | Noticed a sky beast
  4501 | D:3      | HP: 1/37 [jackal (2)]
  4502 | D:3      | Slain by a worm

Action                   |  1- 3 |  4- 6 || total
-------------------------+-------+-------++-------
Melee: Unarmed           |   136 |   118 ||   254
Throw: Stone             |    87 |    38 ||   125
Evoke: Wand              |       |     5 ||     5
  Use: Potion            |     2 |     6 ||     8
       Scroll            |     1 |     3 ||     4
  Eat: Bread ration      |     1 |     1 ||     2
       Beef jerky        |       |     1 ||     1

Vault maps used:
D:1:      lightli_arrival_windingriver
D:2:      kennysheep_goblin_castle, minmay_misc_feat_tiny,
          minmay_misc_feat_enclosed, minmay_item_behind_shaft
D:3:      first_bread
